 Dungeon Crawl Stone Soup version 0.29-a0-557-g43b9904bd1 (webtiles) character file.

Game seed: 8441392509653517370

213 valliere the Firebug (level 5, -1/38 HPs)
             Began as a Draconian Fire Elementalist on June 9, 2022.
             Slain by Edmund
             ... wielding a +6 flail of holy wrath
              (4 damage)
             ... on level 4 of the Dungeon.
             The game lasted 00:10:09 (4061 turns).

valliere the Firebug (Draconian Fire Elementalist)  Turns: 4061, Time: 00:10:10

Health: -1/38      AC:  5    Str: 11    XL:     5   Next: 59%
Magic:  7/8        EV: 12    Int: 17    God:
Gold:   216        SH:  0    Dex: 11    Spells: 5/8 levels left

rFire   . . .      SeeInvis .   o - +0 short sword
rCold   . . .      Faith    .   (no shield)
rNeg    . . .      Spirit   .   (body armour unavailable)
rPois   .          Reflect  .   (helmet restricted)
rElec   .          Harm     .   (no cloak)
rCorr   +          Rampage  .   (no gloves)
Will    +....                   (no boots)
Stlth   ++........              (no amulet)
HPRegen 0.12/turn               l - ring of resist corrosion
MPRegen 0.11/turn               m - ring of willpower

@: no status effects
A: AC +5, unfitting armour, cold-blooded
a: no special abilities


You were on level 4 of the Dungeon.
You visited 1 branch of the dungeon, and saw 4 of its levels.

You collected 216 gold pieces.

Inventory:

Hand Weapons
 o - a +0 short sword (weapon)
Jewellery
 l - a ring of resist corrosion (left hand)
 m - a ring of willpower (right hand)
Wands
 r - a wand of charming (5)
Scrolls
 e - 3 scrolls of blinking {unknown}
 h - 5 scrolls of teleportation {unknown}
 i - 2 scrolls of identify {unknown}
 j - 2 scrolls of vulnerability {unknown}
 k - a scroll of enchant weapon {unknown}
 n - a scroll of silence {unknown}
 p - 2 scrolls of fog {unknown}
 v - a scroll of summoning {unknown}
Potions
 a - a potion of magic
 b - 5 potions of attraction {unknown}
 c - a potion of invisibility {unknown}
 d - 4 potions of curing {unknown}
 f - 2 potions of mutation {unknown}
 g - 5 potions of might {unknown}
 q - a potion of lignification {unknown}
 s - a potion of heal wounds {unknown}
 t - a potion of brilliance {unknown}
 u - 2 potions of ambrosia {unknown}
 w - a potion of resistance {unknown}


   Skills:
 - Level 1.7 Dodging
 - Level 1.7 Stealth
 - Level 2.0 Spellcasting
 + Level 3.1 Conjurations
 * Level 5.5 Fire Magic


You had 5 spell levels left.
You knew the following spells:

 Your Spells              Type           Power      Damage    Failure   Level
a - Foxfire               Conj/Fire      64%        2x1d7     3%          1
b - Scorch                Fire           40%        2d7       3%          2

Your spell library contained the following spells:

 Spells                   Type           Power      Damage    Failure   Level
 Conjure Flame            Conj/Fire      16%        6-21      10%         3
 Inner Flame              Hex/Fire       11%        N/A       19%         3
 Ignite Poison            Fire/Tmut/Pois 7%         N/A       26%         3
 Flame Wave               Conj/Fire      16%        2d6       32%         4
 Mephitic Cloud           Conj/Pois/Air  5%         N/A       36%         3
 Freezing Cloud           Conj/Ice/Air   2%         6-21      98%         5


Dungeon Overview and Level Annotations

Branches:
Dungeon (4/15)
 Temple: D:4-7

Altars:
Fedhas
Zin

Annotations:
D:3 2 transporters
D:4 Edmund


Innate Abilities, Weirdness & Mutations

Your plain brown scales are hard. (AC +5)
You cannot fit into any form of body armour.
You are cold-blooded and may be slowed by cold attacks.


Message History

Edmund is lightly wounded.
Casting: Scorch (safe; 3% risk of failure)
Confirm with . or Enter, or press ? or * to list all spells.
You conjure some foxfire!
Edmund hits you with a +6 flail of holy wrath.
Casting: Foxfire (safe; 3% risk of failure)
Confirm with . or Enter, or press ? or * to list all spells.
Flames lash Edmund.
Edmund is burned terribly!
Edmund is moderately wounded.
The foxfire hits Edmund.
Edmund is moderately wounded.
The foxfire hits Edmund but does no damage.
Edmund is moderately wounded.
Edmund hits you with a +6 flail of holy wrath.
Casting: Scorch (safe; 3% risk of failure)
Confirm with . or Enter, or press ? or * to list all spells.
You conjure some foxfire!
Edmund hits you with a +6 flail of holy wrath!
You closely miss Edmund.
Edmund is moderately wounded.
The foxfire hits Edmund.
Edmund is moderately wounded.
The foxfire hits Edmund but does no damage.
Edmund is moderately wounded.
Edmund hits you with a +6 flail of holy wrath.
Casting: Foxfire (safe; 3% risk of failure)
Confirm with . or Enter, or press ? or * to list all spells.
You conjure some foxfire!
Edmund completely misses you. Magic courses through your body.
The foxfire hits Edmund.
Edmund is heavily wounded.
The foxfire hits Edmund!
Edmund is burned terribly!
Edmund is heavily wounded.
Edmund hits you with a +6 flail of holy wrath!
* * * LOW HITPOINT WARNING * * *
Okay, then.
Casting: Foxfire (safe; 3% risk of failure)
Confirm with . or Enter, or press ? or * to list all spells.
You conjure some foxfire!
Edmund hits you with a +6 flail of holy wrath.
You die...

.......#........†.#....#
.......#..........#....#
.......'..........#....#
.......#..........#....#
.......#..........#....#
.......#.....##+###....###
.......#.....#............
.......##+####.v.@........
...............v@.........
...[............§.........
..........................
..............#######+####
..............#
..............#
..............#
.......######.....
.......# #.....


You could see Edmund (combustible, ally target).

Vanquished Creatures
  A hound (D:4)
  An orc priest (D:3)
  Jessica (D:2)
  A gnoll (D:1)
  4 adders
  2 worms (D:3)
  3 dart slugs
  3 orcs (D:3)
  6 endoplasms
  A giant cockroach (D:1)
  3 goblins
  9 hobgoblins
  7 jackals
  3 kobolds (D:2)
  2 quokkas
  9 ball pythons
  4 bats
  2 frilled lizards
  8 rats
70 creatures vanquished.

Vanquished Creatures (others)
  112 foxfires
112 creatures vanquished.

Grand Total: 182 creatures vanquished

Notes
Turn   | Place    | Note
-------+----------+-------------------------------------------
     0 | D:1      | valliere the Draconian Fire Elementalist began the quest
                  | for the Orb.
     0 | D:1      | Reached XP level 1. HP: 14/14 MP: 3/3
   367 | D:1      | Reached XP level 2. HP: 19/20 MP: 0/5
   966 | D:1      | Reached XP level 3. HP: 25/26 MP: 1/6
   969 | D:1      | Learned a level 2 spell: Scorch
  1344 | D:2      | Noticed Jessica
  1347 | D:2      | Killed Jessica
  1348 | D:2      | Reached skill level 4 in Fire Magic
  1618 | D:2      | Reached XP level 4. HP: 27/33 MP: 0/7
  1790 | D:2      | Found a blossoming altar of Fedhas.
  2637 | D:3      | Found a transporter.
  2671 | D:3      | Found a transporter.
  2728 | D:3      | Reached skill level 5 in Fire Magic
  2774 | D:3      | Reached XP level 5. HP: 38/38 MP: 4/8
  3789 | D:4      | Found a glowing silver altar of Zin.
  4049 | D:4      | Noticed Edmund
  4061 | D:4      | Slain by Edmund

Illustrated notes

Levels and vault maps discovered:
D:1:      wander_arrival_abandoned_jail, layout_loops_ring
D:2:      layout_basic, basic_altar, uniq_jessica
D:3:      gammafunk_steamed_eel, layout_basic, minmay_misc_feat_five
D:4:      layout_gridville, nicolae_gozag_cash_rules_everything_around_me,
          zin_academy, temple_pool_b, uniq_edmund, uniq_pikel, uniq_grinder

Skill      XL: |  1  2  3  4  5 |
---------------+----------------+-----
Conjurations   | 2 3 |  3.1
Fire Magic     | 4 5 |  5.5
Dodging        | |  1.7
Stealth        | |  1.7
Spellcasting   | |  2.0

Action                   |  1- 3 |  4- 6 || total
-------------------------+-------+-------++-------
Melee: Unarmed           |    35 |       ||    35
       Tailslap          |     7 |     1 ||     8
       Dagger            |     6 |    11 ||    17
       Short sword       |       |     5 ||     5
 Cast: Foxfire           |    28 |    37 ||    65
       Scorch            |    11 |    33 ||    44
  Use: Potion            |       |     1 ||     1
 Stab: Sleeping          |       |     2 ||     2
Armor: Skin              |    20 |     3 ||    23
Dodge: Dodged            |    45 |    13 ||    58

Table legend: (Time is in decaauts)
 A = Elapsed time spent in this place.
 B = Non-inter-level travel time spent in this place.
 C = Inter-level travel time spent in this place.
 D = Time resting spent in this place.
 E = Time spent auto-exploring this place.
 F = Levels seen in this place.
 G = Mean time per level.
                   A        B        C        D        E       F      G
               +--------+--------+--------+--------+--------+-----+--------+
         Total |   4059 |   3865 |    194 |    186 |   3219 |   4 | 1014.8 |
       Dungeon |   4059 |   3865 |    194 |    186 |   3219 |   4 | 1014.8 |
               +--------+--------+--------+--------+--------+-----+--------+

Top non-repeatable levels by time:
     D:1: 1293 daAuts
     D:3: 1214 daAuts
     D:2: 1180 daAuts
     D:4: 371 daAuts
